 Dungeon Crawl Stone Soup version 0.31-a0-1074-g0b22e4e0f1 (webtiles) character file.

Game seed: 3873543767591870647

579 DrainTrain the Chiller (level 7, -6/48 HPs)
             Began as a Human Ice Elementalist on Dec 2, 2023.
             Mangled by a two-headed ogre
             ... wielding a +0 giant club
              (14 damage)
             ... on level 5 of the Dungeon.
             The game lasted 00:31:23 (3299 turns).

DrainTrain the Chiller (Human Ice Elementalist)     Turns: 3299, Time: 00:31:25

Health: -6/48      AC: 11    Str:  9    XL:     7   Next: 63%
Magic:  14/23      EV: 12    Int: 17    God:
Gold:   114        SH:  0    Dex: 13    Spells: 5/16 levels left

rFire   . . .        o - +7 dagger of Evolution {drain, Contam rN+ MP+9}
rCold   . . .        (no shield)
rNeg    + . .        a - +0 robe
rPois   .            z - +0 helmet
rElec   .            (no cloak)
rCorr   .            k - +0 pair of gloves
SInv    .            (no boots)
Will    .....        (no amulet)
Stlth   ++           (no ring)
HPRegen 0.28/turn    (no ring)
MPRegen 0.18/turn

%: no passive effects
@: ice-armoured, freezing walls
A: no striking features
a: no special abilities


You were on level 5 of the Dungeon.
You visited 2 branches of the dungeon, and saw 6 of its levels.

You collected 212 gold pieces.
You spent 98 gold pieces at shops.

Inventory:

Hand Weapons
 c - a +0 hand axe
 d - a +0 whip
 n - a +0 short sword
 o - the +7 dagger of Evolution (weapon) {drain, Contam rN+ MP+9}
   (You found it on level 2 of the Dungeon)

   rN+:       It protects you from negative energy.
   MP+9:      It affects your magic capacity (+9).
   Contam:    It causes magical contamination when unequipped.
Armour
 a - a +0 robe (worn)
 k - a +0 pair of gloves (worn)
 z - a +0 helmet (worn)
Magical Staves
 r - a staff of air
Jewellery
 i - a ring of wizardry
Scrolls
 g - a scroll of revelation {unknown}
 h - 4 scrolls of teleportation
 l - a scroll of blinking {unknown}
 m - a scroll of immolation {unknown}
 q - a scroll of enchant weapon {unknown}
 s - a scroll of amnesia {unknown}
 t - a scroll of brand weapon {unknown}
 u - 2 scrolls of poison
 y - a scroll of summoning {unknown}
 A - a scroll of fear {unknown}
Potions
 b - a potion of magic
 e - a potion of curing
 f - a potion of brilliance
 j - 4 potions of attraction
 p - a potion of cancellation {unknown}
 v - a potion of lignification {unknown}
 w - a potion of berserk rage {unknown}
 x - a potion of invisibility {unknown}


   Skills:
 + Level 1.2 Fighting
 + Level 0.8 Short Blades
 + Level 2.8 Dodging
 + Level 2.5 Stealth
 * Level 5.0 Spellcasting
 + Level 0.1 Hexes
 * Level 6.1 Ice Magic


You had 5 spell levels left.
You knew the following spells:

 Your Spells              Type           Power      Damage    Failure   Level
a - Freeze                Ice            100%       1d10      1%          1
b - Frozen Ramparts       Ice            50%        1d8       3%          3
c - Ozocubu's Armour      Ice            25%        N/A       3%          3
d - Ensorcelled Hibernat  Hex/Ice        28%        N/A       6%          2
e - Passwall              Tmut/Erth      3%         N/A       22%         2

Your spell library contained the following spells:

 Spells                   Type           Power      Damage    Failure   Level
 Swiftness                Air            4%         N/A       38%         3
 Summon Ice Beast         Ice/Summ       14%        N/A       38%         4


Dungeon Overview and Level Annotations

Branches:
Dungeon (5/15)             Temple (1/1) D:4

Altars:
Cheibriados
Dithmenos
Elyvilon
Gozag
Hepliaklqana
Makhleb
Okawaru
Sif Muna
Trog
The Shining One

Shops:
D:3 ?   D:5 =

Annotations:
D:4 3 runed translucent doors, IdlyInterested's ghost, amateur DsSh; hgbash's ghost, amateur OpVM; osoart's ghost, novice KoHs


Message History

You see here a +0 rapier.
You see here a water moccasin corpse.
Things that are here:
a +0 falchion; a +0 ring mail; an orc corpse
Casting: Frozen Ramparts (dangerous; 3% risk of failure)
Confirm with . or Enter, or press ? or * to list all spells.
A film of ice covers your body!
Casting: Ozocubu's Armour (dangerous; 3% risk of failure)
Confirm with . or Enter, or press ? or * to list all spells.
Casting: Frozen Ramparts (dangerous; 3% risk of failure)
Press: ? - help, Dir - look around, f - activate
Okay, then.
Casting: Frozen Ramparts (dangerous; 3% risk of failure)
Confirm with . or Enter, or press ? or * to list all spells.
Casting: Frozen Ramparts (dangerous; 3% risk of failure)
Press: ? - help, Dir - look around, f - activate The walls around you are covered in ice.
The wall freezes the two-headed ogre.
Casting: Frozen Ramparts (dangerous; 3% risk of failure)
Confirm with . or Enter, or press ? or * to list all spells.
Aiming: Ensorcelled Hibernation (safe; 6% risk of failure)
Press: ? - help, Shift-Dir - straight line, f - two-headed ogre
Aim: a two-headed ogre, wielding a +0 giant club and a +0 giant spiked club (chance to affect: 30%)
The two-headed ogre easily resists.
The wall freezes the two-headed ogre.
Casting: Ensorcelled Hibernation (safe; 6% risk of failure)
Confirm with . or Enter, or press ? or * to list all spells.
Aiming: Ensorcelled Hibernation (safe; 6% risk of failure)
Press: ? - help, Shift-Dir - straight line, f/p - two-headed ogre
Aim: a two-headed ogre, wielding a +0 giant club and a +0 giant spiked club (lightly wounded, chance to affect: 30%)
The two-headed ogre easily resists.
The wall freezes the two-headed ogre but does no damage.
The two-headed ogre closely misses you.
The two-headed ogre hits you with a +0 giant spiked club!!
You barely miss the two-headed ogre.
The two-headed ogre is lightly wounded.
The wall freezes the two-headed ogre!
The two-headed ogre hits you with a +0 giant club!!
* * * LOW HITPOINT WARNING * * *
The two-headed ogre hits you with a +0 giant spiked club!
You die...

###### ####### #....# .....#
#....#
#.#.#.#########....########
#.........)†O@.>.........#
#.∩.#.#.....[..##...........#
. #. #........###.##.......#
#. ########## #.##.......# ..
#..........# .#
#####.##.......#
#.....#<)......#
#.###.#....#####
#...#.......#


You could see a two-headed ogre.

Vanquished Creatures
  A water moccasin (D:5)
  An ice beast (D:5)
  An ogre (D:4)
  A jelly (D:4)
  2 orc priests (D:3)
  An iguana (D:4)
  An orc wizard (D:3)
  Robin (D:4)
  3 adders
  A white imp (D:5)
  5 dart slugs
  12 orcs
  A bat (D:3)
  4 endoplasms
  5 giant cockroaches
  18 goblins
  9 hobgoblins
  3 jackals (D:4)
  4 kobolds
  4 quokkas
  6 ball pythons
  A frilled lizard (D:2)
  4 rats
89 creatures vanquished.

Notes
Turn   | Place    | Note
-------+----------+-------------------------------------------
     0 | D:1      | DrainTrain the Human Ice Elementalist began the quest for
                  | the Orb.
     0 | D:1      | Reached XP level 1. HP: 13/13 MP: 3/3
   166 | D:1      | Reached XP level 2. HP: 19/19 MP: 3/5
   713 | D:2      | Reached XP level 3. HP: 24/24 MP: 4/6
   717 | D:2      | Learned a level 3 spell: Frozen Ramparts
  1009 | D:2      | Identified the +7 dagger of Evolution {drain, Contam rN+
                  | MP+9}
  1198 | D:2      | Reached XP level 4. HP: 30/30 MP: 8/8
  1746 | D:3      | Found a shimmering blue altar of Sif Muna.
  1885 | D:3      | Found a snail-covered altar of Cheibriados.
  2054 | D:3      | Found Nyrchesch's Magic Scroll Emporium.
  2204 | D:3      | Reached XP level 5. HP: 34/35 MP: 9/9
  2257 | D:3      | Reached skill level 5 in Ice Magic
  2301 | D:3      | Bought a scroll of identify for 28 gold pieces
  2301 | D:3      | Bought a scroll of teleportation for 42 gold pieces
  2301 | D:3      | Bought a scroll of identify for 28 gold pieces
  2387 | D:4      | Found a runed translucent gate.
  2387 | D:4      | Found a runed translucent gate.
  2387 | D:4      | Found a runed translucent gate.
  2388 | D:4      | Noticed an ogre
  2430 | D:4      | Reached XP level 6. HP: 40/42 MP: 11/11
  2435 | D:4      | Learned a level 3 spell: Ozocubu's Armour
  2438 | D:4      | Learned a level 2 spell: Ensorcelled Hibernation
  2441 | D:4      | Learned a level 2 spell: Passwall
  2659 | D:4      | Noticed Robin
  2682 | D:4      | Killed Robin
  2782 | D:4      | Reached skill level 1 in Fighting
  2894 | D:4      | Found a staircase to the Ecumenical Temple.
  2913 | Temple   | Entered the Ecumenical Temple
  3023 | D:4      | Noticed hgbash's ghost (amateur OpVM)
  3023 | D:4      | Noticed osoart's ghost (novice KoHs)
  3024 | D:4      | Noticed IdlyInterested's ghost (amateur DsSh)
  3040 | D:4      | Killed an ogre
  3041 | D:4      | Reached XP level 7. HP: 21/48 MP: 11/13
  3070 | D:5      | Entered Level 5 of the Dungeon
  3210 | D:5      | Noticed a water moccasin
  3218 | D:5      | Killed a water moccasin
  3219 | D:5      | Reached skill level 5 in Spellcasting
  3219 | D:5      | Reached skill level 6 in Ice Magic
  3282 | D:5      | Found Moomaul's Jewellery Shop.
  3283 | D:5      | Noticed a two-headed ogre
  3299 | D:5      | Mangled by a two-headed ogre

Illustrated notes

Levels and vault maps discovered:
D:1:      dpeg_arrival_shrine, layout_rooms
D:2:      layout_basic
D:3:      layout_basic, mainiacjoe_overflow_surrounded_room,
          cheibriados_altar_1, serial_shops, shop
D:4:      layout_cave_pools, minmay_temple_entry_glass,
          gammafunk_ghost_cemetery, uniq_robin
D:5:      layout_basic, nzn_wu_jian_contemplation, serial_shops,
          nicolae_shop_gaudy_bauble
Temple:   nicolae_temple_colour_theory

Skill      XL: |  1  2  3  4  5  6  7 |
---------------+----------------------+-----
Spellcasting   | 3 4 5 |  5.0
Ice Magic      | 5 6 |  6.1
Fighting       | 1 |  1.2
Short Blades   | |  0.8
Dodging        | |  2.8
Stealth        | |  2.5
Hexes          | |  0.1

Action                     |  1- 3 |  4- 6 |  7- 9 || total
---------------------------+-------+-------+-------++-------
  Melee: Hand axe          |    12 |       |       ||    12
         Dagger            |     4 |    62 |    24 ||    90
         Punch             |       |     1 |       ||     1
   Cast: Freeze            |    27 |     8 |     1 ||    36
         Frozen Ramparts   |     2 |    16 |     4 ||    22
         Ozocubu's Armour  |       |     6 |     3 ||     9
         Ensorcelled Hiber |       |     1 |     3 ||     4
    Use: Scroll            |       |     4 |       ||     4
   Stab: Sleeping          |     2 |     1 |       ||     3
 Armour: Robe              |    10 |    39 |    16 ||    65
  Dodge: Dodged            |    15 |    37 |    22 ||    74

Table legend: (Time is in decaauts)
 A = Elapsed time spent in this place.
 B = Non-inter-level travel time spent in this place.
 C = Inter-level travel time spent in this place.
 D = Time resting spent in this place.
 E = Time spent auto-exploring this place.
 F = Levels seen in this place.
 G = Mean time per level.
                   A        B        C        D        E       F      G
               +--------+--------+--------+--------+--------+-----+--------+
         Total |   3304 |   3225 |     79 |    371 |   1591 |   6 |  550.7 |
       Dungeon |   3231 |   3153 |     78 |    371 |   1591 |   5 |  646.2 |
        Temple |     73 |     72 |      1 |      0 |      0 |   1 |   73.0 |
               +--------+--------+--------+--------+--------+-----+--------+

Top non-repeatable levels by time:
     D:2: 1118 daAuts
     D:4: 713 daAuts
     D:1: 710 daAuts
     D:3: 549 daAuts
     D:5: 139 daAuts
  Temple: 73 daAuts
